 Dungeon Crawl Stone Soup version 0.22-a0-351-g29664b4 (webtiles) character file.

2319 Kairos the Cleaver (level 9, -17/68 HPs)
             Began as a Formicid Fighter on Apr 12, 2018.
             Was a Follower of Okawaru.
             Demolished by a two-headed ogre
             ... wielding a +0 giant spiked club
              (19 damage)
             ... on level 7 of the Dungeon.
             The game lasted 00:15:51 (5662 turns).

Kairos the Cleaver (Formicid Fighter)               Turns: 5662, Time: 00:15:52

Health: -17/68     AC: 12    Str: 20    XL:     9   Next: 69%
Magic:  9/9        EV: 31    Int: 11    God:    Okawaru [*.....]
Gold:   389        SH: 11    Dex: 21    Spells: 8/8 levels left

rFire    . . .     SeeInvis +   L - +0 hand axe (vamp)
rCold    . . .     Gourm    .   c - +0 shield
rNeg     . . .     Faith    .   r - +0 scale mail {MR+}
rPois    .         Spirit   .   (helmet unavailable)
rElec    .         Reflect  .   (no cloak)
rCorr    .         Harm     .   (no gloves)
MR       +....                  (no boots)
Stlth    ++........             m - amulet of the acrobat
HPRegen  0.21/turn              h - +5 ring of protection
MPRegen  0.11/turn              y - +5 ring of dexterity

@: agile
A: permanent stasis, dig shafts and tunnels, four strong arms, antennae 3
a: Dig, Shaft Self, Heroism, Renounce Religion


You were on level 7 of the Dungeon.
You worshipped Okawaru.
Okawaru was aware of your devotion.
You were not hungry.

You visited 2 branches of the dungeon, and saw 9 of its levels.

You collected 389 gold pieces.

Inventory:

Hand Weapons
 a - a +1 war axe
 q - a +3 war axe
 L - a +0 vampiric hand axe (weapon)
Missiles
 K - 2 throwing nets (quivered)
Armour
 c - a +0 shield (worn)
 r - a +0 scale mail of magic resistance (worn)
Jewellery
 h - a +5 ring of protection (left hand)
 i - a +1 ring of evasion
 m - an amulet of the acrobat (around neck)
 n - an uncursed ring of ice
 y - a +5 ring of dexterity (right hand)
 E - an uncursed ring of stealth
Wands
 j - a wand of flame (18)
 v - a wand of random effects (16)
 x - a wand of digging (14)
 H - a wand of polymorph (6)
Scrolls
 b - a scroll of silence {unknown}
 g - 4 scrolls of remove curse
 l - 5 scrolls of fog
 s - 2 scrolls of random uselessness {unknown}
 t - a scroll of enchant armour {unknown}
 u - 3 scrolls of magic mapping {unknown}
 B - a scroll of fear {unknown}
 G - a scroll of vulnerability {unknown}
 I - a scroll of noise {unknown}
Potions
 d - 3 potions of might
 e - 3 potions of heal wounds {unknown}
 k - a potion of berserk rage {unknown}
 o - a potion of magic
 p - 4 potions of curing {unknown}
 w - a potion of agility
 z - a potion of lignification {unknown}
 A - a potion of mutation {unknown}
 C - 2 potions of resistance {unknown}
 D - a potion of invisibility {unknown}
 F - a potion of cancellation {unknown}
 J - a potion of flight {unknown}
Comestibles
 f - 6 rations
 M - 3 chunks of flesh


   Skills:
 + Level 5.5 Fighting
 + Level 8.7 Axes
 + Level 6.8 Armour
 + Level 2.5 Dodging
 + Level 1.1 Stealth
 + Level 6.4 Shields
 + Level 1.0 Evocations


You had 8 spell levels left.
You didn't know any spells.

Dungeon Overview and Level Annotations

Branches:
Dungeon (8/15)             Temple (1/1) D:7
   Lair: D:8-11

Altars:
Ashenzari
Cheibriados
Dithmenos
Elyvilon
Fedhas
Gozag
Hepliaklqana
Kikubaaqudgha
Makhleb
Nemelex Xobeh
Okawaru
Qazlal
Ru
Sif Muna
Trog
Uskayaw
Vehumet
Wu Jian
Xom
Yredelemnul
Zin
The Shining One


Innate Abilities, Weirdness & Mutations

You cannot be hasted, slowed, berserked, paralysed or teleported.
You can dig through walls and to a lower floor.
Your four strong arms can wield two-handed weapons with a shield.
You have a pair of large antennae on your head. (SInv)


Message History

The two-headed ogre closely misses you. The two-headed ogre barely misses you.
The orc priest hits you with a war axe. The orc hits you but does no damage.
Unknown command.
You closely miss the orc priest.
The orc priest is moderately wounded.
You barely miss the orc. You barely miss the two-headed ogre.
You hit the gnoll sergeant but do no damage.
The gnoll sergeant hits you with a spear.
The two-headed ogre hits you with a giant spiked club!
The two-headed ogre hits you with a giant club!!
* * * LOW HITPOINT WARNING * * *
Okay, then.
It was a potion of agility.
You feel agile all of a sudden. The orc misses you.
The orc priest closely misses you. You block the gnoll sergeant's attack.
The gnoll sergeant completely misses you.
The two-headed ogre completely misses you.
The two-headed ogre hits you with a giant club!!
You die...

#.##.##.#.# #......###########
#.##.##.#.# #.##.......####
#.......#.###.##.#........#
####)####........#..##.##)#
#.......#####.####..##.##.#
#.##.##.## #.............#
#.##.#...# ########.##.#>.#
#.##...#.# #.....##.##.#..####
#.####...# #g@...##.##.#..##..
#.#####.## #oO....).#.<#.)....
#.......# #o.(..##.#.##..##..
####.#######.....##.......####
#.# #.....########.#####
#.###..[..# #.# #.##..._..#
#.# #.#.......# #.######
#.#.......### #.##...###


You could see a two-headed ogre, a gnoll sergeant, an orc priest and an orc.

Vanquished Creatures
  Eustachio (D:5)
  Duvessa (D:7)
  An ice beast (D:7)
  A sky beast (D:7)
  A phantom (D:4)
  2 centaurs
  3 ogres
  A big kobold (D:7)
  2 bullfrogs
  A gnoll sergeant (D:7)
  A wyvern zombie (D:7)
  Dowan (D:7)
  A scorpion (D:5)
  5 wights (D:7)
  4 howler monkeys
  A quasit (D:5)
  A crimson imp (D:5)
  A bullfrog zombie (D:7)
  A hound (D:4)
  A jelly (D:7)
  A centaur skeleton (D:4)
  3 iguanas
  Jessica (D:2)
  2 orc wizards
  A worker ant (D:4)
  A hound zombie (D:5)
  A hound skeleton (D:4)
  A worker ant zombie (D:7)
  4 adders
  8 gnolls (D:7)
  A howler monkey skeleton (D:3)
  An adder skeleton (D:6)
  A worm (D:2)
  4 leopard geckos
  18 orcs
  2 ball pythons
  6 bats
  2 giant cockroaches
  2 gnoll zombies (D:6)
  6 hobgoblins
  8 jackals
  15 kobolds
  5 quokkas
  3 frilled lizards
  6 goblins
  A jackal skeleton (D:4)
  A quokka skeleton (D:5)
  10 rats
146 creatures vanquished.

Notes
Turn   | Place    | Note
-------+----------+-------------------------------------------
     0 | D:1      | Kairos the Formicid Fighter began the quest for the Orb.
     0 | D:1      | Reached XP level 1. HP: 18/18 MP: 1/1
   122 | D:1      | Reached XP level 2. HP: 23/24 MP: 2/2
   305 | D:1      | Reached XP level 3. HP: 30/30 MP: 3/3
  1186 | D:2      | Noticed Jessica
  1198 | D:2      | Killed Jessica
  1198 | D:2      | Reached XP level 4. HP: 37/37 MP: 4/4
  1446 | D:3      | Reached skill level 3 in Axes
  1457 | D:3      | Reached XP level 5. HP: 41/42 MP: 5/5
  1791 | D:4      | Noticed an ogre
  1856 | D:4      | Killed an ogre
  1856 | D:4      | Reached skill level 4 in Axes
  1856 | D:4      | Reached skill level 1 in Dodging
  1856 | D:4      | Reached XP level 6. HP: 48/48 MP: 6/6
  2149 | D:4      | Noticed a phantom
  2192 | D:4      | Killed a phantom
  2212 | D:4      | Reached XP level 7. HP: 54/55 MP: 7/7
  2243 | D:4      | Reached skill level 5 in Axes
  2576 | D:5      | Entered Level 5 of the Dungeon
  2657 | D:5      | Noticed Eustachio
  2704 | D:5      | Killed Eustachio
  2704 | D:5      | Reached skill level 5 in Shields
  2949 | D:5      | Reached skill level 5 in Armour
  2949 | D:5      | Reached XP level 8. HP: 40/61 MP: 8/8
  3324 | D:5      | Reached skill level 6 in Axes
  3803 | D:6      | Found a basalt altar of Yredelemnul.
  4189 | D:7      | Found a staircase to the Ecumenical Temple.
  4203 | D:7      | Found a radiant altar of Vehumet.
  4211 | Temple   | Entered the Ecumenical Temple
  4281 | D:7      | Found a white marble altar of Elyvilon.
  4281 | D:7      | Found a hide-covered altar of Uskayaw.
  4282 | D:7      | Found an iron altar of Okawaru.
  4287 | D:7      | Reached skill level 7 in Axes
  4290 | D:7      | Reached skill level 5 in Fighting
  4290 | D:7      | Reached skill level 1 in Evocations
  4292 | D:7      | Reached XP level 9. HP: 29/68 MP: 9/9
  4367 | D:7      | Became a worshipper of Warmaster Okawaru
  4632 | D:7      | Found a snail-covered altar of Cheibriados.
  4937 | D:7      | Reached skill level 8 in Axes
  4937 | D:7      | Reached skill level 1 in Stealth
  4939 | D:7      | Found a blossoming altar of Fedhas.
  4942 | D:7      | Noticed Duvessa
  4943 | D:7      | Noticed Dowan
  4950 | D:7      | Killed Dowan
  4956 | D:7      | Killed Duvessa
  5421 | D:8      | Reached * piety under Okawaru
  5425 | D:8      | Noticed a two-headed ogre
  5653 | D:8      | Noticed a two-headed ogre
  5660 | D:7      | HP: 1/68 [two-headed ogre/giant spiked club (21)]
  5662 | D:7      | Demolished by a two-headed ogre

Vault maps used:
D:1:      dpeg_arrival_three_same_balls, minmay_split_cup_small
D:2:      first_ration, uniq_jessica
D:4:      feat_on_display
D:5:      uniq_eustachio
D:6:      lemuel_zombie_altar_yredelemnul
D:7:      nicolae_whirlpool, lemuel_round_altar, grunt_temple_overflow_open,
          minmay_temple_entry_overgrown, basic_altar, uniq_duvessa
Temple:   lightli_temple_of_artemis

Skill      XL: |  1  2  3  4  5  6  7  8  9 |
---------------+----------------------------+-----
Shields        | 4 5 6 |  6.4
Axes           | 3 4 5 7 8 |  8.7
Fighting       | 4 5 |  5.5
Armour         | 4 5 6 |  6.8
Dodging        | 1 2 |  2.5
Evocations     | 1 |  1.0
Stealth        | 1 |  1.1

Action                   |  1- 3 |  4- 6 |  7- 9 || total
-------------------------+-------+-------+-------++-------
Melee: War axe           |    90 |   159 |   227 ||   476
       Hand axe          |       |       |    49 ||    49
Invok: Heroism           |       |       |     1 ||     1
 Abil: Dig               |       |     1 |       ||     1
Evoke: Wand              |       |     2 |     8 ||    10
  Use: Scroll            |       |     5 |     2 ||     7
       Potion            |       |       |     1 ||     1
  Eat: Ration            |       |     1 |     2 ||     3
       Chunk             |       |       |    12 ||    12
Armor: Scale mail        |    61 |    66 |   156 ||   283
Dodge: Dodged            |    40 |    49 |   185 ||   274
Block: Shield            |    45 |    99 |   201 ||   345

Table legend:
 A = Spawn XP
 B = Non-spawn XP
 C = Spawn XP percentage of total XP
 D = Spawn monster count
 E = Non-spawn monster count
 F = Spawn count percentage of total count
 G = Total turns spent on level
                    A         B        C        D         E        F      G
               +---------+---------+-------+---------+---------+-------+---------
         Total |       0 |    3314 |   0.0 |       0 |     146 |   0.0 |  5662
               +---------+---------+-------+---------+---------+-------+---------
           D:1 |       0 |      35 |   0.0 |       0 |      21 |   0.0 |   826
           D:2 |       0 |      58 |   0.0 |       0 |      13 |   0.0 |   406
           D:3 |       0 |      93 |   0.0 |       0 |      24 |   0.0 |   537
           D:4 |       0 |     511 |   0.0 |       0 |      17 |   0.0 |   815
           D:5 |       0 |     408 |   0.0 |       0 |      10 |   0.0 |   885
           D:6 |       0 |     185 |   0.0 |       0 |       9 |   0.0 |   423
           D:7 |       0 |    1927 |   0.0 |       0 |      48 |   0.0 |  1688
           D:8 |       0 |      97 |   0.0 |       0 |       4 |   0.0 |    27
               +---------+---------+-------+---------+---------+-------+---------
